 Dungeon Crawl Stone Soup version 0.21-a0-621-gc60411f (webtiles) character file.

2083 Gaball the Grappler (level 9, -1/64 HPs)
             Began as a Demonspawn Abyssal Knight on Dec 23, 2017.
             Was an Elder of Lugonu.
             Slain by an ogre
             ... wielding a +0 giant club
              (17 damage)
             ... on level 7 of the Dungeon.
             The game lasted 00:13:21 (7305 turns).

Gaball the Grappler (Demonspawn Abyssal Knight)     Turns: 7305, Time: 00:13:22

Health: -1/64      AC: 11    Str: 13    XL:     9   Next: 6%
Magic:  19/19      EV:  7    Int: 14    God:    Lugonu [****..]
Gold:   303        SH:  0    Dex: 12    Spells: 8/8 levels left

rFire    . . .     SeeInvis .     - Unarmed
rCold    . . .     Gourm    .   (no shield)
rNeg     . . .     Faith    .   k - +0 plate armour
rPois    .         Spirit   .   (no helmet)
rElec    .         Reflect  .   (no cloak)
rCorr    .         Harm     .   (gloves unavailable)
MR       .....                  r - +0 pair of boots
Stlth    ..........             (no amulet)
HPRegen  0.20/turn              m - -3 ring of strength
MPRegen  0.16/turn              o - ring of magical power

@: no status effects
A: claws 3, demonic guardian 2, sturdy frame 3
a: Depart the Abyss, Bend Space, Banish, Corrupt, Renounce Religion


You were on level 7 of the Dungeon.
You worshipped Lugonu.
Lugonu was greatly pleased with you.
You were very hungry.

You visited 1 branch of the dungeon, and saw 7 of its levels.
You visited the Abyss 1 time.
You also visited: Sewer.

You collected 303 gold pieces.

Inventory:

Armour
 b - a +0 leather armour
 k - a +0 plate armour (worn)
 r - a +0 pair of boots (worn)
 v - the +1 robe of the Lich-sworn {Int+5}
   (You found it on level 5 of the Dungeon)

   It affects your intelligence (+5).
 y - a +2 leather armour of magic resistance
 z - a -2 chain mail
Jewellery
 g - a cursed ring of teleportation
 m - a -3 ring of strength (left claw)
 o - a ring of magical power (right claw)
 C - an uncursed ring of magical power
Wands
 s - a wand of paralysis (10)
 B - a wand of polymorph (9)
 D - a wand of acid (3)
Scrolls
 d - a scroll of random uselessness
 e - a scroll of teleportation
 j - a scroll of enchant weapon
 n - a scroll of fear
 p - a scroll of blinking
 u - 2 scrolls of remove curse
 w - a scroll of enchant armour
 x - a scroll of noise {unknown}
 A - a scroll of identify
Potions
 f - a potion of degeneration
 h - a potion of might {unknown}
 i - 2 potions of brilliance {unknown}
 l - a potion of agility
 q - a potion of flight {unknown}
 t - a potion of lignification
Comestibles
 c - 10 rations


   Skills:
 + Level 3.6 Fighting
   Level 3.2 Long Blades
 - Level 1.7 Armour
 - Level 0.8 Dodging
 + Level 10.3 Unarmed Combat
 - Level 2.4 Invocations


You had 8 spell levels left.
You didn't know any spells.

Dungeon Overview and Level Annotations

Branches:
Dungeon (7/15)
 Temple: D:4-7

Altars:
Ashenzari
Nemelex Xobeh
Qazlal

Shops:
D:5 }


Innate Abilities, Weirdness & Mutations

You have claws for hands.
A demonic guardian rushes to your aid.
Your movements are significantly less encumbered by armour. (ER -6)


Message History

You kill the leopard gecko!
Lugonu accepts your kill.
You feel sick.
You claw the ogre!
The ogre is heavily wounded.
The ogre hits you with a giant club!
You barely miss the ogre.
The ogre is moderately wounded.
You scratch the ogre.
The ogre is heavily wounded.
The ogre hits you with a giant club!
You barely miss the ogre.
The ogre is heavily wounded.
You feel sick.
You feel better. The ogre hits you with a giant club!
* * * LOW HITPOINT WARNING * * *
You scratch the ogre but do no damage.
The ogre is heavily wounded.
The ogre hits you with a giant club!
You die...

##.#####.## #....).(..#
##.#####(## #.# #.# #.#
#.# #.# ##.## #.#
##...######## #.#
#...........# #@#
##...######.# #O# ##.##
#.# #S# ### #.#
##.####†###.## #†#
#...†.......(# #.#
................# #.#
..........#....########.##
.##.####.##.#..?..........
# #.# .########......


You could see an ogre and an adder.

Vanquished Creatures
  Purgy (Sewer)
  A black bear (D:5)
  3 phantoms
  2 ogres
  An ice beast (D:6)
  3 centaurs
  A bullfrog (D:7)
  A scorpion (D:6)
  A howler monkey (D:5)
  5 crimson imps
  A jelly (D:5)
  2 orc wizards (D:6)
  2 hounds
  3 orc priests
  A bullfrog skeleton (D:6)
  2 iguanas
  2 worker ants (D:4)
  A hound zombie (D:7)
  A hound skeleton (D:5)
  4 gnolls (D:5)
  9 adders
  A howler monkey skeleton (D:4)
  A river rat (D:3)
  A shadow imp (D:3)
  An ooze (D:3)
  3 worms
  A dart slug (D:4)
  6 leopard geckos
  28 orcs
  2 ball pythons
  5 bats
  8 giant cockroaches
  8 hobgoblins
  12 jackals
  8 frilled lizards
  7 goblins
  9 kobolds
  6 rats
154 creatures vanquished.

Vanquished Creatures (collateral kills)
  A water moccasin (D:7)
  A phantom (D:5)
  A bullfrog (D:7)
  A leopard gecko (D:7)
  2 jackals (D:7)
6 creatures vanquished.

Grand Total: 160 creatures vanquished

Notes
Turn   | Place    | Note
-------+----------+-------------------------------------------
     0 | Abyss:1  | Gaball the Demonspawn Abyssal Knight began the quest for the Orb.
     0 | Abyss:1  | Reached XP level 1. HP: 18/18 MP: 2/2
    28 | Abyss:1  | Noticed an ancient zyme
    58 | Abyss:1  | Noticed a wight
    74 | D:1      | Escaped the Abyss
   685 | D:1      | Reached * piety under Lugonu
   700 | D:1      | Gained mutation: Your movements are slightly less encumbered by armour. (ER -2) [demonic ancestry]
   700 | D:1      | Reached XP level 2. HP: 17/24 MP: 3/3
  1446 | D:1      | Gained mutation: You have sharp fingernails. [demonic ancestry]
  1446 | D:1      | Reached XP level 3. HP: 28/29 MP: 4/4
  1867 | D:2      | Found a stormy altar of Qazlal.
  1867 | D:2      | Noticed an air elemental
  1883 | D:2      | Noticed an earth elemental
  1883 | D:2      | Noticed a water elemental
  1883 | D:2      | Noticed a fire elemental
  1887 | D:2      | Reached skill level 1 in Unarmed Combat
  2012 | D:2      | Reached ** piety under Lugonu
  2320 | D:2      | Reached skill level 2 in Unarmed Combat
  2320 | D:2      | Gained mutation: You have very sharp fingernails. [demonic ancestry]
  2320 | D:2      | Reached XP level 4. HP: 30/35 MP: 5/5
  2728 | D:2      | Found a shattered altar of Ashenzari.
  3211 | D:3      | Reached skill level 3 in Unarmed Combat
  3224 | D:3      | Gained mutation: You have claws for hands. [demonic ancestry]
  3224 | D:3      | Reached XP level 5. HP: 24/41 MP: 6/6
  3318 | D:3      | Noticed a phantom
  3347 | D:3      | Killed a phantom
  3347 | D:3      | Reached skill level 4 in Unarmed Combat
  3564 | D:3      | Gained mutation: A weak demonic guardian rushes to your aid. [demonic ancestry]
  3564 | D:3      | Reached XP level 6. HP: 37/47 MP: 7/7
  3569 | D:3      | Found a glowing drain.
  3599 | Sewer    | Entered a sewer
  3656 | Sewer    | Noticed Purgy
  3680 | Sewer    | Killed Purgy
  3680 | Sewer    | Reached skill level 5 in Unarmed Combat
  3796 | D:3      | Reached *** piety under Lugonu
  4437 | D:4      | Reached skill level 6 in Unarmed Combat
  4657 | D:5      | Entered Level 5 of the Dungeon
  4681 | D:5      | Gained mutation: A demonic guardian rushes to your aid. [demonic ancestry]
  4681 | D:5      | Reached XP level 7. HP: 51/52 MP: 8/8
  4714 | D:5      | Got a smoking robe
  4725 | D:5      | Identified the +1 robe of the Lich-sworn {Int+5} (You found it on level 5 of the Dungeon)
  4793 | D:5      | Found a sparkling altar of Nemelex Xobeh.
  4812 | D:5      | Reached skill level 7 in Unarmed Combat
  5501 | D:5      | Found Deorgh's Gadget Boutique.
  5519 | D:5      | Gained mutation: Your movements are less encumbered by armour. (ER -4) [demonic ancestry]
  5519 | D:5      | Reached XP level 8. HP: 58/58 MP: 9/9
  5688 | D:5      | Reached skill level 8 in Unarmed Combat
  6009 | D:5      | Reached **** piety under Lugonu
  6449 | D:6      | Reached skill level 9 in Unarmed Combat
  7194 | D:7      | Reached skill level 10 in Unarmed Combat
  7284 | D:7      | Gained mutation: Your movements are significantly less encumbered by armour. (ER -6) [demonic ancestry]
  7284 | D:7      | Reached XP level 9. HP: 49/64 MP: 10/10
  7305 | D:7      | Slain by an ogre

Vault maps used:
D:1:      grunt_arrival_crossed_arrows
D:2:      nicolae_qazlal_style_of_elements, ashenzari_altar_1
D:3:      gup_sewer_entry_bubbles
D:4:      first_ration
D:5:      kennysheep_mini, serial_shops, kennysheep_mini_moat
D:7:      lightli_temple_of_fire, minmay_temple_entry_enclosed_plants,
          basic_altar
Sewer:    sewer_the_crocodile

Skill      XL: |  1  2  3  4  5  6  7  8 |
---------------+-------------------------+-----
Long Blades    | 2 3 |  3.2
Unarmed Combat | 2 3 4 6 7 10 | 10.3
Fighting       | |  3.6
Armour         | |  1.7
Dodging        | |  0.8
Invocations    | |  2.4

Action                   |  1- 3 |  4- 6 |  7- 9 || total
-------------------------+-------+-------+-------++-------
Melee: Falchion          |   122 |       |       ||   122
       Unarmed           |       |   280 |   213 ||   493
       Punch             |       |     1 |     3 ||     4
Invok: Depart the Abyss  |     1 |       |       ||     1
  Use: Scroll            |       |     7 |     5 ||    12
       Potion            |       |     1 |     2 ||     3
  Eat: Chunk             |     4 |     4 |     5 ||    13
       Ration            |       |     1 |     1 ||     2
Armor: Leather armour    |    39 |     2 |     3 ||    44
       Plate armour      |       |   155 |   105 ||   260
       Skin              |       |     7 |       ||     7
Dodge: Dodged            |    69 |    68 |    49 ||   186
       Rpst.: Falchion   |    23 |       |       ||    23

Table legend:
 A = Spawn XP
 B = Non-spawn XP
 C = Spawn XP percentage of total XP
 D = Spawn monster count
 E = Non-spawn monster count
 F = Spawn count percentage of total count
 G = Total turns spent on level
                    A         B        C        D         E        F      G
               +---------+---------+-------+---------+---------+-------+---------
         Total |       0 |    2977 |   0.0 |       0 |     160 |   0.0 |  7305
               +---------+---------+-------+---------+---------+-------+---------
           D:1 |       0 |      41 |   0.0 |       0 |      25 |   0.0 |  1658
           D:2 |       0 |      99 |   0.0 |       0 |      17 |   0.0 |  1302
           D:3 |       0 |     280 |   0.0 |       0 |      39 |   0.0 |   888
           D:4 |       0 |     197 |   0.0 |       0 |      16 |   0.0 |   730
           D:5 |       0 |     897 |   0.0 |       0 |      24 |   0.0 |  1293
           D:6 |       0 |     780 |   0.0 |       0 |      20 |   0.0 |  1050
           D:7 |       0 |     577 |   0.0 |       0 |      13 |   0.0 |   158
         Sewer |       0 |     106 |   0.0 |       0 |       6 |   0.0 |   152
               +---------+---------+-------+---------+---------+-------+---------
